 Dungeon Crawl Stone Soup version bcrawl-1.31.3 (webtiles) character file.

Game seed: 4090685271336737946

192925 pasperui the Cudgeler (level 5, -9/53 HPs)
             Began as an Ent Sloth Apostle on Mar 12, 2021.
             Was a Believer of Cheibriados.
             Mangled by an ogre
             ... wielding a +0 giant spiked club
              (21 damage)
             ... on level 4 of the Dungeon on Apr 5, 2021.
             The game lasted 00:06:43 (2350 turns).

pasperui the Cudgeler (Ent Sloth Apostle)           Turns: 2350, Time: 00:06:44

Health: -9/53      AC: 12    Str: 26    XL:     5   Next: 95%
Magic:  6/6        EV:  6    Int: 17    God:    Cheibriados [**....]
Gold:   245        SH:  8    Dex: 14    Spells: 5/6 levels left

rFire    . . .     SeeInvis .   a - +0 mace
rCold    . . .     Gourm    .   b - +0 medium shield
rNeg     + + +     Faith    .   (armour unavailable)
rPois    +         Spirit   .   (helmet restricted)
rElec    .         Reflect  .   (no cloak)
rCorr    .         Harm     .   (gloves unavailable)
MR       .....                  (boots unavailable)
Stlth    ++........             m - amulet of magic regeneration
HPRegen  0.17/turn              (no ring)
MPRegen  0.35/turn              (no ring)

@: very slow
A: large, slow actions, passwall, strong branches, negative energy resistance 3,
poison resistance, slow metabolism 1, torment resistance, unbreathing, AC +12
a: Passwall, Bend Time, Renounce Religion


You were on level 4 of the Dungeon.
You worshipped Cheibriados.
Cheibriados was pleased with you.
You were hungry.

You visited 1 branch of the dungeon, and saw 4 of its levels.

You collected 245 gold pieces.

Inventory:

Hand Weapons
 a - a +0 mace (weapon)
Missiles
 k - 771 stones (quivered)
Armour
 b - a +0 medium shield (worn)
Jewellery
 m - an amulet of magic regeneration (around neck)
Wands
 c - a wand of paralysis (10)
Scrolls
 f - 4 scrolls of remove curse {unknown}
 i - 4 scrolls of identify
 j - a scroll of teleportation {unknown}
 l - a scroll of enchant armour {unknown}
 r - a scroll of amnesia {unknown}
Potions
 d - 3 potions of curing {unknown}
 g - 3 potions of berserk rage {unknown}
 h - 2 potions of lignification {unknown}
 n - 2 potions of flight {unknown}
 o - a potion of ambrosia {unknown}
 p - a potion of invisibility {unknown}
 q - a potion of magic {unknown}
 s - 2 potions of might {unknown}
Comestibles
 e - 3 rations {!d}


   Skills:
 - Level 2.1 Fighting
 * Level 6.6 Maces & Flails
 - Level 2.2 Throwing
 - Level 3.6 Stealth
 - Level 1.5 Shields
 - Level 1.2 Spellcasting
 - Level 1.0 Hexes
 - Level 0.8 Evocations


You had 5 spell levels left.
You knew the following spells:

 Your Spells              Type           Power        Failure   Level  Hunger
a - Slow                  Hex            #.......     69%         1    None
Your spell library was empty.

Dungeon Overview and Level Annotations

Branches:
Dungeon (4/12)
 Temple: D:4-7

Altars:
Elyvilon
Gozag
Uskayaw

Shops:
D:2 *

Annotations:
D:3 Robin


Innate Abilities, Weirdness & Mutations

You move and act slowly.
You can pass through walls and trees.
Your branches can wield two-handed weapons with a shield.
Your thick bark is tough. (AC +12)
You are too large for most types of armour.
You are immune to negative energy. (rN+++)
Your system is resistant to poisons. (rPois)
You have a slow metabolism.
You are immune to unholy pain and torment.
You can survive without breathing.


Message History

You block the howler monkey's attack. The howler monkey closely misses you.
An ogre comes into view. It is wielding a +0 giant spiked club.
You sock the howler monkey!
You kill the howler monkey!
Cheibriados thoroughly appreciates the change of pace.
You block the ogre's attack.
The ogre hits you with a +0 giant spiked club!
You see here a howler monkey corpse.
You are feeling hungry.
You hit the ogre.
The ogre is lightly wounded.
The ogre hits you with a +0 giant spiked club!!
You hit the ogre.
The ogre is moderately wounded.
The ogre hits you with a +0 giant spiked club!
* * * LOW HITPOINT WARNING * * *
You sock the ogre!
The ogre is severely wounded.
The ogre hits you with a +0 giant spiked club!!
You die...

#...#. .... ...#######
#########........#
###......##........ #
#.....##.##.##... #.#
#.#.#.##.#...#.##...###
#.#>#......#...@O......
#.#.####.#...####...###
#.#.# #.##.## .## #.#..
..##.......... #.###
#####.######. .#
#.##### #.# .. #.....#
... # #####.# ... ##.##
...


You could see an ogre.

Vanquished Creatures
  A phantom (D:3)
  A howler monkey (D:4)
  A crimson imp (D:2)
  A hound (D:4)
  An adder (D:3)
  An adder skeleton (D:3)
  A worm (D:2)
  2 dart slugs
  A leopard gecko (D:1)
  An orc (D:2)
  4 bats
  3 giant cockroaches
  5 goblins
  6 hobgoblins
  3 jackals (D:2)
  8 kobolds
  2 quokkas
  A frilled lizard (D:1)
  A jackal skeleton (D:2)
  6 rats
50 creatures vanquished.

Notes
Turn   | Place    | Note
-------+----------+-------------------------------------------
     0 | D:1      | pasperui the Ent Sloth Apostle began the quest for the Orb.
     0 | D:1      | Reached XP level 1. HP: 22/22 MP: 2/2
   153 | D:1      | Reached skill level 1 in Throwing
   176 | D:1      | Reached XP level 2. HP: 30/30 MP: 3/3
   836 | D:2      | Reached * piety under Cheibriados
   850 | D:2      | Found an opulent altar of Gozag.
   863 | D:2      | Found Gozag's Platinum Reserve.
   914 | D:2      | Reached XP level 3. HP: 35/37 MP: 4/4
  1253 | D:2      | Reached skill level 3 in Maces & Flails
  1253 | D:2      | Reached XP level 4. HP: 36/46 MP: 5/5
  1392 | D:2      | Reached skill level 4 in Maces & Flails
  1812 | D:2      | Found a white marble altar of Elyvilon.
  1885 | D:3      | Noticed Robin
  1896 | D:2      | Reached ** piety under Cheibriados
  1950 | D:3      | Upgraded the game from bcrawl-1.30.1 to bcrawl-1.31.3
  1982 | D:3      | Noticed a +0 dagger
  1982 | D:3      | Noticed a +0 dagger
  2076 | D:3      | Noticed a phantom
  2144 | D:3      | Killed a phantom
  2145 | D:3      | Reached skill level 5 in Maces & Flails
  2145 | D:3      | Reached XP level 5. HP: 30/53 MP: 6/6
  2220 | D:3      | Found a hide-covered altar of Uskayaw.
  2265 | D:4      | Reached skill level 6 in Maces & Flails
  2345 | D:4      | Noticed an ogre
  2350 | D:4      | Mangled by an ogre

Skill      XL: |  1  2  3  4  5 |
---------------+----------------+-----
Throwing       | 1 2 |  2.2
Maces & Flails | 3 5 6 |  6.6
Fighting       | |  2.1
Stealth        | |  3.6
Shields        | |  1.5
Spellcasting   | |  1.2
Hexes          | |  1.0
Evocations     | |  0.8

Action                   |  1- 3 |  4- 6 || total
-------------------------+-------+-------++-------
Melee: Mace              |   101 |   100 ||   201
Throw: Stone             |       |     3 ||     3
 Stab: Sleeping          |     6 |     6 ||    12
  Eat: Chunk             |     4 |     2 ||     6
       Ration            |       |     1 ||     1
Armor: Skin              |    81 |    65 ||   146
Dodge: Dodged            |    45 |    38 ||    83
Block: Medium shield     |    52 |    69 ||   121
